 Dungeon Crawl Stone Soup version 0.31-a0-303-gdc8c9485ea (webtiles) character file.

Game seed: 11993290914384601905

340 BrainTurd the Conjurer (level 6, -5/47 HPs)
             Began as a Gnoll Wanderer on July 13, 2023.
             Was a Priest of Cheibriados.
             Slain by a gnoll bouda
             ... wielding a +0 whip
              (9 damage)
             ... on level 3 of the Dungeon on July 16, 2023.
             The game lasted 00:31:55 (4750 turns).

BrainTurd the Conjurer (Gnoll Wanderer)             Turns: 4750, Time: 00:31:56

Health: -5/47      AC:  3    Str: 18    XL:     6   Next: 56%
Magic:  2/11       EV: 12    Int: 21    God:    Cheibriados [***...]
Gold:   150        SH:  0    Dex: 15    Spells: 3/12 levels left

rFire   . . .        l - staff of cold
rCold   + . .        (no shield)
rNeg    . . .        d - +0 robe
rPois   .            (no helmet)
rElec   .            h - +0 cloak
rCorr   .            (no gloves)
SInv    .            (no boots)
Will    .....        (no amulet)
Stlth   ++           (no ring)
HPRegen 0.27/turn    (no ring)
MPRegen 0.12/turn

%: no passive effects
@: weakened, very slow
A: fangs 1, strong nose, distributed training
a: Renounce Religion, Bend Time, Temporal Distortion


You were on level 3 of the Dungeon.
You worshipped Cheibriados.
Cheibriados was most pleased with you.
You visited 1 branch of the dungeon, and saw 4 of its levels.

You collected 150 gold pieces.

Inventory:

Hand Weapons
 a - a +0 dagger
Missiles
 b - 9 poisoned darts
 k - a throwing net
 m - 2 atropa-tipped darts
Armour
 d - a +0 robe (worn)
 h - a +0 cloak (worn)
Magical Staves
 l - a staff of cold (weapon)
Scrolls
 g - 2 scrolls of identify {unknown}
 j - 3 scrolls of teleportation {unknown}
 p - a scroll of enchant weapon {unknown}
Potions
 e - a potion of curing {unknown}
 f - a potion of invisibility {unknown}
 i - 2 potions of lignification {unknown}
 n - a potion of might {unknown}
 o - a potion of magic {unknown}


   Skills:
 + Level 3.3 Fighting
 + Level 2.0 Short Blades
 + Level 2.0 Long Blades
 + Level 2.0 Axes
 + Level 2.0 Maces & Flails
 + Level 2.0 Polearms
 + Level 2.0 Staves
 + Level 2.0 Ranged Weapons
 + Level 5.0 Throwing
 + Level 3.3 Armour
 + Level 2.0 Dodging
 + Level 2.0 Stealth
 + Level 2.0 Shields
 + Level 2.0 Unarmed Combat
 + Level 3.5 Spellcasting
 + Level 7.3 Conjurations
 + Level 1.6 Hexes
 + Level 1.6 Summonings
 + Level 1.6 Necromancy
 + Level 1.6 Translocations
 + Level 2.7 Transmutations
 + Level 1.6 Fire Magic
 + Level 1.6 Ice Magic
 + Level 1.6 Air Magic
 + Level 1.6 Earth Magic
 + Level 1.6 Poison Magic
 + Level 2.2 Invocations
 + Level 2.0 Evocations
 + Level 1.6 Shapeshifting


You had 3 spell levels left.
You knew the following spells:

 Your Spells              Type           Power      Damage    Failure   Level
a - Shock                 Conj/Air       88%        1d8       1%          1
b - Dazzling Flash        Conj/Hex       44%        N/A       6%          3
c - Poisonous Vapours     Pois/Air       20%        N/A       10%         2
d - Ignite Poison         Fire/Tmut/Pois 12%        N/A       17%         3

Your spell library contained the following spells:

 Spells                   Type           Power      Damage    Failure   Level
 Kiss of Death            Conj/Necr      88%        2d12      1%          1
 Sting                    Tmut/Pois      48%        1d5       5%          1
 Confusing Touch          Hex            10%        N/A       19%         3
 Iskenderun's Mystic Bla  Conj/Tloc      22%        2d6       21%         4
 Dispel Undead            Necr           10%        3d9       54%         4
 Olgreb's Toxic Radiance  Pois           10%        N/A       54%         4


Dungeon Overview and Level Annotations

Branches:
Dungeon (4/15)
 Temple: D:4-7

Altars:
Cheibriados


Innate Abilities, Weirdness & Mutations

You have very sharp teeth.
Your uncanny sense of smell can sniff out nearby items.
Your experience applies equally to all skills.


Message History

The gnoll bouda barely misses you.
You hit the gnoll bouda.
The gnoll bouda is heavily wounded.
The gnoll bouda misses you.
The gnoll bouda hits you with a +0 whip!
You closely miss the gnoll bouda.
The gnoll bouda is heavily wounded.
The gnoll bouda hits you with a +0 whip.
Your attacks no longer feel as feeble.
The gnoll bouda mumbles some strange prayers to its god.
The gnoll bouda is healed somewhat.
The gnoll bouda attacks as you move away!
The gnoll bouda hits you with a +0 whip!
The gnoll bouda hits you with a +0 whip.
* * * LOW HITPOINT WARNING * * *
Casting: Shock (safe; 1% risk of failure)
Confirm with . or Enter, or press ? or * to list all spells.
Aiming: Shock (safe; 1% risk of failure)
Press: ? - help, Shift-Dir - straight line, p - gnoll bouda The zap misses the gnoll bouda.
The gnoll bouda hits you with a +0 whip!
* * * LOW HITPOINT WARNING * * *
Unknown command.
Blink to where?
Press: ? - help, Dir - move target
As you read the scroll of blinking, it crumbles to dust.
Okay, then.
You warp the flow of time around you!
Cheibriados lowers the support of your attributes as your movement quickens.
Okay, then.
The gnoll bouda shouts!
The gnoll bouda hits you but does no damage.
The gnoll bouda barely misses you.
The gnoll bouda attacks as you move away!
The gnoll bouda hits you with a +0 whip.
* * * LOW HITPOINT WARNING * * *
The gnoll bouda gazes fiercely through you!
You feel your attacks grow feeble.
The gnoll bouda hits you with a +0 whip!
You die...

...##########.....g......>.......
##...............#.######.#####..
#....###..#.....................
#...## ##...#####.######.###.#..
#...# ###.#...#.# #.# #.#.. #...#
#.#.#.#.# #.# #.#.. #)..#
#.#.#.#.# #.# #.#.÷ #...#
#.#<#.#.# #.# #.#.. #####
#.###@#.# #.# #.#..
#...g.#.######'###.#..
#######.##.........#..
#..'.........#..
#####################.........#..
......†............##.........#..
###.####.####.####.##.........#..
..#.#).'.'.)#.#8.#.##.........#..
..#.#..#.#..#.#..#.##.........#..


You could see a gnoll bouda.

Vanquished Creatures
  3 orc priests (D:3)
  A hound (D:4)
  An orc wizard (D:3)
  A howler monkey zombie (D:4)
  5 gnolls
  3 adders
  2 adder zombies (D:4)
  An adder skeleton (D:4)
  7 worms
  3 dart slugs
  7 orcs (D:3)
  3 ball pythons
  9 endoplasms
  3 giant cockroaches
  5 goblins
  2 hobgoblins
  2 jackals (D:2)
  A quokka (D:3)
  6 bats
  3 frilled lizards
  6 kobolds
  6 rats
80 creatures vanquished.

Notes
Turn   | Place    | Note
-------+----------+-------------------------------------------
     0 | D:1      | BrainTurd the Gnoll Wanderer began the quest for the Orb.
     0 | D:1      | BrainTurd set off with the following items: a +0 dagger, 9
                  | poisoned darts, a scroll of blinking, a +0 robe; and the
                  | following spells available to memorise: Shock, Sting,
                  | Dazzling Flash, Ignite Poison, Iskenderun's Mystic Blast.
     0 | D:1      | Reached XP level 1. HP: 17/17 MP: 4/4
     2 | D:1      | Learned a level 1 spell: Shock
   225 | D:1      | Reached XP level 2. HP: 23/23 MP: 2/5
   842 | D:1      | Found a faded altar of an unknown god.
  1082 | D:1      | Prayed at the altar of an unknown god.
  1082 | D:1      | Became a worshipper of Cheibriados the Contemplative
  1082 | D:1      | Reached * piety under Cheibriados
  1421 | D:2      | Reached XP level 3. HP: 19/28 MP: 1/7
  1425 | D:2      | Learned a level 3 spell: Dazzling Flash
  1540 | D:2      | Reached skill level 1 in Invocations
  1712 | D:2      | Reached skill level 1 in Short Blades
  1712 | D:2      | Reached skill level 1 in Long Blades
  1712 | D:2      | Reached skill level 1 in Axes
  1712 | D:2      | Reached skill level 1 in Maces & Flails
  1712 | D:2      | Reached skill level 1 in Polearms
  1712 | D:2      | Reached skill level 1 in Staves
  1712 | D:2      | Reached skill level 1 in Ranged Weapons
  1712 | D:2      | Reached skill level 1 in Dodging
  1712 | D:2      | Reached skill level 1 in Stealth
  1712 | D:2      | Reached skill level 1 in Shields
  1712 | D:2      | Reached skill level 1 in Unarmed Combat
  1712 | D:2      | Reached skill level 1 in Evocations
  1853 | D:2      | Reached XP level 4. HP: 26/34 MP: 4/8
  2072 | D:2      | Reached skill level 1 in Hexes
  2072 | D:2      | Reached skill level 1 in Summonings
  2072 | D:2      | Reached skill level 1 in Necromancy
  2072 | D:2      | Reached skill level 1 in Translocations
  2072 | D:2      | Reached skill level 1 in Fire Magic
  2072 | D:2      | Reached skill level 1 in Ice Magic
  2072 | D:2      | Reached skill level 1 in Air Magic
  2072 | D:2      | Reached skill level 1 in Earth Magic
  2072 | D:2      | Reached skill level 1 in Poison Magic
  2072 | D:2      | Reached skill level 1 in Shapeshifting
  2078 | D:2      | Learned a level 2 spell: Poisonous Vapours
  2082 | D:2      | Learned a level 3 spell: Ignite Poison
  2233 | D:2      | Reached ** piety under Cheibriados
  2791 | D:3      | Reached XP level 5. HP: 40/40 MP: 7/9
  4022 | D:3      | Reached XP level 6. HP: 20/47 MP: 3/11
  4120 | D:3      | Upgraded the game from 0.31-a0-246-g8cbcc1cb85 to
                  | 0.31-a0-263-ge8cad7f256
  4120 | D:3      | Upgraded the game from 0.31-a0-263-ge8cad7f256 to
                  | 0.31-a0-271-gb88eb75e06
  4120 | D:3      | Upgraded the game from 0.31-a0-271-gb88eb75e06 to
                  | 0.31-a0-277-g31ea1f65cc
  4120 | D:3      | Upgraded the game from 0.31-a0-277-g31ea1f65cc to
                  | 0.31-a0-303-gdc8c9485ea
  4260 | D:4      | Reached *** piety under Cheibriados
  4261 | D:4      | Reached skill level 5 in Throwing
  4738 | D:3      | HP: 1/47 [gnoll bouda/+0 whip (10)]
  4750 | D:3      | Slain by a gnoll bouda

Illustrated notes

Levels and vault maps discovered:
D:1:      reono_arrival_mine, layout_loops_corners,
          chequers_ecumenical_altar_simple, amcnicky_mini_pool_small
D:2:      layout_loops_ring, chequers_jeans, minmay_misc_feat_enclosed,
          nrook_mini_backslash
D:3:      minmay_door_path, layout_basic, chequers_serial_rivers_large_b,
          minivault_25
D:4:      layout_cave_pools, serial_undead, serial_undead_b, serial_undead_a,
          serial_undead_d, serial_undead_c, serial_shops,
          nicolae_shop_hallway_stairs, gammafunk_ghost_gnarly_gnolls,
          kennysheep_diamond

Skill      XL: |  1  2  3  4  5  6 |
---------------+-------------------+-----
Transmutations | 2 |  2.7
Invocations    | 1 2 |  2.2
Short Blades   | 1 2 |  2.0
Long Blades    | 1 2 |  2.0
Axes           | 1 2 |  2.0
Maces & Flails | 1 2 |  2.0
Polearms       | 1 2 |  2.0
Staves         | 1 2 |  2.0
Ranged Weapons | 1 2 |  2.0
Dodging        | 1 2 |  2.0
Stealth        | 1 2 |  2.0
Shields        | 1 2 |  2.0
Unarmed Combat | 1 2 |  2.0
Evocations     | 1 2 |  2.0
Spellcasting   | 3 |  3.5
Hexes          | 1 |  1.6
Summonings     | 1 |  1.6
Necromancy     | 1 |  1.6
Translocations | 1 |  1.6
Fire Magic     | 1 |  1.6
Ice Magic      | 1 |  1.6
Air Magic      | 1 |  1.6
Earth Magic    | 1 |  1.6
Poison Magic   | 1 |  1.6
Shapeshifting  | 1 |  1.6
Fighting       | 3 |  3.3
Armour         | 3 |  3.3
Throwing       | 5 |  5.0
Conjurations   | |  7.3

Action                     |  1- 3 |  4- 6 || total
---------------------------+-------+-------++-------
  Melee: Dagger            |    46 |    11 ||    57
         Bite              |     2 |    15 ||    17
         Staff             |       |   137 ||   137
         Punch             |       |     2 ||     2
   Cast: Shock             |    57 |    85 ||   142
         Poisonous Vapours |       |     2 ||     2
         Ignite Poison     |       |     1 ||     1
         Dazzling Flash    |       |     3 ||     3
 Invoke: Temporal Distorti |       |     1 ||     1
    Use: Scroll            |       |     1 ||     1
   Stab: Sleeping          |       |     2 ||     2
         Invisible         |       |     1 ||     1
 Armour: Robe              |    23 |    49 ||    72
  Dodge: Dodged            |    38 |   112 ||   150

Table legend: (Time is in decaauts)
 A = Elapsed time spent in this place.
 B = Non-inter-level travel time spent in this place.
 C = Inter-level travel time spent in this place.
 D = Time resting spent in this place.
 E = Time spent auto-exploring this place.
 F = Levels seen in this place.
 G = Mean time per level.
                   A        B        C        D        E       F      G
               +--------+--------+--------+--------+--------+-----+--------+
         Total |   5775 |   5186 |    589 |    498 |   3674 |   4 | 1443.8 |
       Dungeon |   5775 |   5186 |    589 |    498 |   3674 |   4 | 1443.8 |
               +--------+--------+--------+--------+--------+-----+--------+

Top non-repeatable levels by time:
     D:3: 2574 daAuts
     D:2: 1878 daAuts
     D:1: 1148 daAuts
     D:4: 174 daAuts
